Unix NetHack Version 3.7.0-71 Work-in-progress - last build Jan 31 2023 02:41:03 (7ba98a1283f2b7cec35fde026edb48fc825ab8ae,branch:master). Game began 2023-02-05 08:33:07, ended 2023-02-05 09:02:53. nmlkj, chaotic male human Wizard ---- ------- ---..| ----.--..| ---....-- |........| --.......| --.......| ----- ---- ---.......-- ---- |.......| |...| |..----- --..--.....| |..-- |.......| ------...-- --....|.-- --..----...-- ---...|--.--...-- ----- |..--.....--|........---- |...| |..-- ------....--|..|----- --...| ---....--....---..........----..-- -----------.|.|..------.-- |....| --.....-||-.....----........|....--------...^..<.............| --....| |.......--................................-----....----------- ---|.....-- --..--.......|..------.....@s.....----..)...--.....| --- -----.--......| -------..-----.|----|........|.....|....^....-...---- --.---............-- -------.--|..||-.....----..%.%..............|.-- ---|.................| |...---..--......| |...--.................---.--................-- --- |.............---- --..|----.....................----.......|.--- --.---- --...........-- |-.-- --.............--....-- ------.---- |.....--------........-- |...| ----..........|--...| --- |..................---- --..| --.--......| ----- ----.------------.-- ---- -----.--.-- --- --- ------ Nmlkj the Thaumaturge St:8 Dx:12 Co:17 In:17 Wi:10 Ch:8 Chaotic S:4350 Dlvl:9 $:430 HP:0(72) Pw:2(60) AC:7 Xp:7/875 T:4426 Satiated Latest messages: You hit the gnome lord. The gnome lord hits! You hear a chugging sound. The dagger misses the gnome lord. You are hit by a dagger. You hit the gnome lord! The gnome lord hits! The gnome throws a dagger! The dagger hits the gnome lord. In what direction? h The spell hits the gnome lord. The spell hits the gnome! You kill the gnome! In what direction? h The spell hits the gnome lord! You kill the gnome lord! The spell hits the gnomish wizard! The gnomish wizard resists! The gnomish wizard casts a spell! The gnomish wizard looks better. In what direction? h The spell misses the gnomish wizard. The gnomish wizard points at you, then curses. You see here a dagger. You don't have enough energy to cast that spell. You miss the gnomish wizard. The gnomish wizard points all around, then curses. You hit the gnomish wizard! The giant spider bites! The air crackles around the gnomish wizard. You hit the gnomish wizard! The gnomish wizard turns to flee. The giant spider bites! You are almost hit by a dart. You hit the gnomish wizard! The giant spider bites! The giant spider's bite was poisoned! The giant spider bites! The gnome picks up a dart. You don't have enough energy to cast that spell. You hit the giant spider! The giant spider bites! The giant spider's bite was poisoned! You feel weaker! You hear some noises in the distance. The giant spider bites! The gnome picks up a dagger. The giant spider bites! The giant spider bites! You die... Inventory: Coins $ - 430 gold pieces Weapons a - a blessed +1 quarterstaff (weapon in hands) Armor R - an uncursed +0 pair of iron shoes (being worn) Comestibles w - an uncursed slime mold P - 4 uncursed C-rations q - 4 uncursed food rations O - an uncursed tripe ration B - an uncursed lichen corpse Scrolls U - 2 blessed scrolls of blank paper V - an uncursed scroll of blank paper v - an uncursed scroll of charging D - 2 uncursed scrolls of create monster i - an uncursed scroll of earth F - an uncursed scroll of enchant weapon C - a blessed scroll of identify k - an uncursed scroll of light t - a cursed scroll of light Q - a blessed scroll of magic mapping Spellbooks z - a blessed spellbook of create monster l - a blessed spellbook of force bolt m - an uncursed spellbook of healing Rings u - an uncursed ring of free action d - an uncursed +1 ring of protection (on left hand) e - an uncursed ring of teleport control Wands r - a wand of fire (0:6) x - a wand of light (0:12) c - a wand of magic missile (0:7) Tools n - an uncursed blindfold L - an uncursed mirror S - an uncursed tallow candle Gems/Stones G - an uncursed topaz stone s - a cursed worthless piece of blue glass T - 2 uncursed worthless pieces of green glass W - an uncursed worthless piece of orange glass K - 2 uncursed worthless pieces of white glass p - an uncursed worthless piece of yellow glass X - an uncursed worthless piece of yellowish brown glass Nmlkj the Wizard's attributes: Background: You were a Thaumaturge, a level 7 male human Wizard. You were chaotic, on a mission for Anhur who was opposed by Ptah (lawful) and Thoth (neutral). You were in the Gnomish Mines, on level 9. You entered the dungeon 4426 turns ago. There was a full moon in effect when your adventure ended. You had 875 experience points, 405 more were needed to attain level 8. Your score was 4350 before end-of-game adjustments. Basics: You had 0 out of 72 hit points. You had 2 out of 60 energy points (spell power). Your armor class was 7. Your wallet contained 430 zorkmids. Autopickup was on for '$' plus thrown. Final Characteristics: Your strength was 8 (peak:11, limit:18/100). Your dexterity was 12 (peak:13, limit:18). Your constitution was 17 (limit:18). Your intelligence was 17 (limit:18). Your wisdom was 10 (limit:18). Your charisma was 8 (limit:18). Final Status: You were satiated. You were unencumbered. You were wielding a quarterstaff. You were skilled in quarterstaff. Final Attributes: You were stridently aligned. You had a small defense bonus (+1). You were warded. You are dead. Miscellaneous: You disabled loading of bones levels. Total elapsed playing time was 29 minutes and 46 seconds. Major events: Turn 1: nmlkj the chaotic male human Wizard entered the dungeon 747: entered the Gnomish Mines 1181: attained the rank of Conjurer (level 3) 2551: attained the rank of Thaumaturge (level 6) 4426: killed by a giant spider Vanquished creatures: a giant beetle a Green-elf a fire ant 4 Mordor orcs an Uruk-hai an orc shaman 7 gnome leaders a paper golem 2 giant ants a floating eye 12 dwarves 2 kobold leaders 2 hill orcs a centipede a giant bat a monkey a werejackal 3 iguanas 2 acid blobs a coyote a gas spore 2 hobbits a manes a hobgoblin an orc 4 giant rats 31 gnomes 4 geckos 8 jackals a fox a kobold a goblin 5 sewer rats a grid bug 5 lichens 2 kobold zombies 3 newts 118 creatures vanquished. No species were genocided or became extinct. Voluntary challenges: You read items or engraved 3 times. You engraved Elbereth 2 times. You never genocided any monsters. You never polymorphed an object. You never changed form. You used no wishes. Achievements: You entered a shop. You entered the Gnomish Mines. You attained the rank of Conjurer. You attained the rank of Thaumaturge. The Dungeons of Doom: levels 1 to 5 Level 1: An altar, some fountains. Level 2: A health food store. Level 3: A delicatessen, an altar. Stairs down to The Gnomish Mines. Level 4: A fountain. Level 5: Many fountains. The Gnomish Mines: levels 4 to 9 Level 4: Level 5: Level 6: Level 7: Level 8: Level 9: <- You were here. Final resting place for you, killed by a giant spider. Game over: ---------- / \ / REST \ / IN \ / PEACE \ / \ | nmlkj | | 430 Au | | killed by a | | giant spider | | | | | | 2023 | *| * * * | * _________)/\\_//(\/(/\)/\//\/|_)_______ Goodbye nmlkj the Wizard... You died in The Gnomish Mines on dungeon level 9 with 4307 points, and 430 pieces of gold, after 4426 moves. You were level 7 with a maximum of 72 hit points when you died.